cohdb
Replays
Latest Replays
All Replays
Popular Replays
Top Player Replays
Match Explorer
How It Works
Community
CoH3 Stats
Reddit
Sign in to upload your games and track your stats! →
Sign in with Steam
Match 44791829
Unlisted
Match 44791829
Overview
Messages
Build Orders
End
Panzergrenadier Squad
Selects Panzerjäger Kommand Battlegroup
Selects Blockade Equipment
Panzergrenadier Squad
Panzergrenadier Squad
Construct Light Support Kompanie
2.5-tonne Medical Truck
Fire Support Elements
Panzergrenadier Squad
Assault Mechanized Group
Selects Tank Busters
Panzerjäger Squad
Flakvierling Half-track
Selects Crew Shock Tactics
2.5-tonne Medical Truck
Pak 38 Anti-tank Gun Team
Selects Defensive Positions
Veteran Squad Leaders
Construct Panzerarmee Kommand
2.5-tonne Medical Truck
Selects Anti-tank Overwatch
Armored Reserves
Selects Defensive Positions
Anti-tank Overwatch
Crew Shock Tactics
Flak 36 Anti-tank Gun Team
Anti-tank Overwatch
Agent Smith
Robin Da Hood
Tuqiu
Mad...
NuTtYjAwA
DeadLogic
DaMerkKid
Guts
0
0
Comments
sign in to comment!
No comments posted yet!